 Dungeon Crawl Stone Soup version 0.31.0-12-g77e489cdc1 (webtiles) character file.

Game seed: 12480304718545578277

7268 lasso the Thaumaturge (level 10, -14/50 HPs)
             Began as a Deep Elf Conjurer on Feb 29, 2024.
             Was a Believer of Vehumet.
             Demolished by a wyvern (17 damage)
             ... on level 10 of the Dungeon.
             The game lasted 00:10:47 (11170 turns).

lasso the Thaumaturge (Deep Elf Conjurer)          Turns: 11170, Time: 00:10:47

Health: -14/50     AC:  7    Str:  4    XL:     10   Next: 89%
Magic:  25/29      EV: 14    Int: 28    God:    Vehumet [**....]
Gold:   221        SH:  0    Dex: 13    Spells: 28/35 levels left

rFire   + . .        B - staff of conjuration
rCold   . . .        (no shield)
rNeg    + . .        H - +0 steam dragon scales
rPois   .            (no helmet)
rElec   .            v - +0 cloak
rCorr   .            E - +0 pair of gloves
SInv    .            (no boots)
Will    +....        (no amulet)
Stlth   +++          m - ring of positive energy
HPRegen 0.28/turn    j - ring of protection from fire
MPRegen 0.21/turn

%: no passive effects
@: no status effects
A: no striking features
a: Renounce Religion


You were on level 10 of the Dungeon.
You worshipped Vehumet.
Vehumet was pleased with you.
You visited 2 branches of the dungeon, and saw 11 of its levels.

You collected 496 gold pieces.
You spent 275 gold pieces at shops.

Inventory:

Hand Weapons
 t - a +4 glaive
Missiles
 d - a throwing net
Armour
 a - a +0 robe
 v - a +0 cloak (worn)
 E - a +0 pair of gloves (worn)
 H - +0 steam dragon scales (worn)
Magical Staves
 B - a staff of conjuration (weapon)
Jewellery
 j - a ring of protection from fire (right hand)
 m - a ring of positive energy (left hand)
 x - a ring of ice
 A - a +6 ring of dexterity
 G - a +6 ring of intelligence
Scrolls
 e - 9 scrolls of identify
 f - 2 scrolls of amnesia {unknown}
 g - 2 scrolls of fear {unknown}
 i - 2 scrolls of poison {unknown}
 n - 2 scrolls of fog {unknown}
 o - 3 scrolls of teleportation
 q - 2 scrolls of revelation {unknown}
 u - 2 scrolls of torment {unknown}
 y - 3 scrolls of enchant weapon {unknown}
 F - a scroll of noise {unknown}
 I - a scroll of vulnerability {unknown}
 J - a scroll of blinking {unknown}
Potions
 b - 3 potions of magic
 c - 2 potions of lignification
 h - 4 potions of curing {unknown}
 k - 4 potions of heal wounds {unknown}
 l - 2 potions of enlightenment {unknown}
 p - 2 potions of brilliance {unknown}
 r - a potion of ambrosia {unknown}
 s - a potion of mutation {unknown}
 w - 2 potions of haste {unknown}
 z - a potion of resistance {unknown}
 C - a potion of degeneration {unknown}
 D - 2 potions of attraction {unknown}


   Skills:
 - Level 0.2 Fighting
 - Level 1.1 Polearms
 + Level 5.8 Dodging
 + Level 4.8 Stealth
 + Level 13.2 Spellcasting
 + Level 11.6 Conjurations
 + Level 7.8 Translocations


You had 28 spell levels left.
You knew the following spells:

 Your Spells              Type           Power      Damage    Failure   Level
a - Magic Dart            Conj           100%       1d8       1%          1
b - Searing Ray           Conj           100%       2d8       1%          2
c - Iskenderun's Mystic   Conj/Tloc      83%        2d16      1%          4

Your spell library contained the following spells:

 Spells                   Type           Power      Damage    Failure   Level
 Shock                    Conj/Air       100%       1d9       1%          1
 Apportation              Tloc           100%       N/A       1%          1
 Fulminant Prism          Conj/Alch      33%        3d15      2%          4
 Summon Small Mammal      Summ           72%        N/A       3%          1
 Ensorcelled Hibernation  Hex/Ice        36%        N/A       4%          2
 Jinxbite                 Hex            36%        N/A       4%          2
 Call Canine Familiar     Summ           18%        N/A       9%          3
 Fugue of the Fallen      Necr           18%        N/A       9%          3
 Anguish                  Hex/Necr       9%         N/A       28%         4
 Ignite Poison            Fire/Alch      18%        N/A       28%         4
 Sticky Flame             Fire/Alch      18%        2d6       28%         4
 Summon Blazeheart Golem  Fire/Summ      18%        N/A       28%         4
 Alistair's Intoxication  Alch           12%        N/A       63%         5
 Ignition                 Fire           9%         3d5       100%        8


Dungeon Overview and Level Annotations

Branches:
Dungeon (10/15)            Temple (1/1) D:6            Lair (0/5) D:8
    Orc (0/2) D:9

Altars:
Ashenzari
Cheibriados
Dithmenos
Elyvilon
Fedhas
Gozag
Hepliaklqana
Kikubaaqudgha
Nemelex Xobeh
Okawaru
Qazlal
Ru
Sif Muna
Trog
Uskayaw
Vehumet
Wu Jian
Yredelemnul
Zin
The Shining One

Shops:
D:1 **

Annotations:
D:7 Joseph


Message History

You see here 7 stones.
Found a short sword.
You now have 221 gold pieces (gained 18).
Found an escape hatch in the ceiling.
You see here a +0 short sword.
A wyvern comes into view.
A wyvern is nearby!
A wyvern is nearby!
You feel a surge of power!
The magic dart hits the wyvern but does no damage.
A gargoyle comes into view. It is wielding a +0 heavy mace.
There are monsters nearby!
You feel a surge of power!
The magic dart hits the wyvern but does no damage.
You feel a surge of power!
The magic dart hits the wyvern.
The wyvern is moderately wounded.
Casting: Magic Dart (safe; 1% risk of failure)
Confirm with . or Enter, or press ? or * to list all spells.
Aiming: Searing Ray (safe; 1% risk of failure)
Press: ? - help, Shift-Dir - straight line, f/p - wyvern
Aim: a wyvern (moderately wounded, 83% to hit)
You feel a surge of power!
The searing ray hits the wyvern.
The wyvern is moderately wounded. (Press . to maintain the ray.)
A centaur warrior comes into view.
The centaur warrior shouts!
The centaur warrior wields a +0 orcbow.
The centaur warrior shoots an arrow.
The arrow hits you! The wyvern attacks as it pursues you!
The wyvern barely misses you.
You see here a +0 short sword.
The wyvern attacks as it pursues you! The wyvern bites you.
The centaur warrior shoots an arrow.
The arrow hits you!!
* * * LOW HITPOINT WARNING * * *
The wyvern bites you!
* * * LOW HITPOINT WARNING * * *
Unknown command.
The centaur warrior shoots an arrow.
The arrow misses you.
The arrow hits the wyvern!
The wyvern attacks as it pursues you! The wyvern bites you!
You die...

.. #. #. #9##
#..# #.# #)# #k#
##@#######.
######.........<
#......c#######.
..#####.# #.#
#.# #.## #.(#
##.#


You could see a centaur warrior, a wyvern and a gargoyle.

Vanquished Creatures
  A sun demon (D:9)
  A sixfirhy (D:9)
  A rust devil (D:9)
  A gargoyle (D:9)
  3 orange demons (D:9)
  A red devil (D:9)
  3 hellwings (D:9)
  2 trolls (D:10)
  A wyvern (D:9)
  A vampire (D:9)
  2 ynoxinuls (D:9)
  4 steam dragons
  An orc warrior (D:8)
  2 ice beasts
  3 sky beasts
  2 ogres (D:5)
  A kobold brigand (D:8)
  A gnoll sergeant (D:9)
  4 bullfrogs
  2 scorpions
  4 wights (D:9)
  2 howler monkeys
  4 bombardier beetles (D:5)
  2 quasits (D:9)
  2 jellies
  A gnoll bouda (D:8)
  An orc priest (D:8)
  2 hounds
  5 iguanas
  4 orc wizards
  8 gnolls
  3 adders
  A white imp (D:6)
  3 dart slugs
  2 ribbon worms
  32 orcs
  4 ball pythons
  5 endoplasms
  5 giant cockroaches
  5 goblins
  4 hobgoblins
  5 quokkas
  6 bats
  6 frilled lizards
  9 kobolds
  4 rats
166 creatures vanquished.

Vanquished Creatures (others)
  An adder (D:6)
1 creature vanquished.

Grand Total: 167 creatures vanquished

Notes
Turn   | Place    | Note
-------+----------+-------------------------------------------
     0 | D:1      | lasso the Deep Elf Conjurer began the quest for the Orb.
     0 | D:1      | Reached XP level 1. HP: 10/10 MP: 6/6
   102 | D:1      | You fall into a shaft and drop 1 floor!
   231 | D:1      | Reached XP level 2. HP: 15/15 MP: 1/8
   296 | D:1      | Learned a level 2 spell: Searing Ray
   356 | D:1      | Found Eta Cev's Assorted Antiques.
   406 | D:1      | Found Atiroakk's General Store.
   470 | D:1      | Reached skill level 5 in Conjurations
  1004 | D:2      | Reached XP level 3. HP: 19/19 MP: 5/9
  1480 | D:2      | Reached skill level 4 in Spellcasting
  1871 | D:3      | Reached XP level 4. HP: 24/24 MP: 8/12
  1876 | D:3      | Learned a level 4 spell: Iskenderun's Mystic Blast
  3447 | D:5      | Entered Level 5 of the Dungeon
  3477 | D:5      | Noticed an ogre
  3483 | D:5      | Killed an ogre
  3484 | D:5      | Reached skill level 5 in Spellcasting
  3484 | D:5      | Reached skill level 1 in Translocations
  3484 | D:5      | Reached XP level 5. HP: 28/28 MP: 5/14
  3612 | D:5      | Reached XP level 6. HP: 25/32 MP: 7/15
  3843 | D:5      | Reached skill level 6 in Spellcasting
  3981 | D:5      | Reached XP level 7. HP: 17/36 MP: 11/18
  4266 | D:5      | Reached skill level 1 in Polearms
  4461 | D:6      | Found a staircase to the Ecumenical Temple.
  4471 | Temple   | Entered the Ecumenical Temple
  4570 | Temple   | Became a worshipper of Vehumet
  4686 | D:6      | Reached skill level 7 in Spellcasting
  4811 | D:6      | Noticed a steam dragon
  4819 | D:6      | Killed a steam dragon
  5255 | D:6      | Reached XP level 8. HP: 13/41 MP: 3/21
  5739 | D:1      | Bought a staff of conjuration for 275 gold pieces
  5991 | D:7      | Reached skill level 8 in Spellcasting
  6300 | D:7      | Noticed Joseph
  6688 | D:7      | Reached skill level 9 in Spellcasting
  6724 | D:7      | Reached skill level 5 in Translocations
  7257 | D:8      | Reached * piety under Vehumet
  7257 | D:8      | Offered knowledge of Freeze by Vehumet.
  7264 | D:8      | Reached XP level 9. HP: 45/45 MP: 12/24
  7568 | D:8      | Found a staircase to the Lair.
  8344 | D:9      | Reached skill level 10 in Spellcasting
  8348 | D:9      | Noticed a hellwing
  8409 | D:9      | Noticed a gargoyle
  8730 | D:9      | Killed a gargoyle
  9113 | D:9      | Found a staircase to the Orcish Mines.
  9170 | D:9      | Noticed a rust devil
  9203 | D:9      | Killed a rust devil
  9204 | D:9      | Reached skill level 11 in Spellcasting
  9287 | D:9      | Noticed an orange demon
  9295 | D:9      | Killed an orange demon
  9296 | D:9      | Reached skill level 10 in Conjurations
  9315 | D:9      | Noticed a sixfirhy
  9373 | D:9      | Killed a sixfirhy
  9374 | D:9      | Reached XP level 10. HP: 13/50 MP: 7/27
  9860 | D:9      | Reached skill level 12 in Spellcasting
 10022 | D:9      | Reached skill level 5 in Dodging
 10097 | D:9      | Offered knowledge of Shock by Vehumet.
 10505 | D:9      | Noticed an orange demon
 10514 | D:9      | Noticed a sun demon
 10515 | D:9      | Killed an orange demon
 10525 | D:9      | Reached ** piety under Vehumet
 10662 | D:9      | Killed a sun demon
 10823 | D:9      | Found an ancient bone altar of Kikubaaqudgha.
 10823 | D:9      | Found a blossoming altar of Fedhas.
 10839 | D:9      | Noticed an orange demon
 10849 | D:9      | Killed an orange demon
 10850 | D:9      | Reached skill level 13 in Spellcasting
 10975 | D:10     | Entered Level 10 of the Dungeon
 11164 | D:10     | Noticed a gargoyle
 11167 | D:10     | Noticed a centaur warrior
 11169 | D:10     | HP: 2/50 [wyvern (13)]
 11170 | D:10     | Demolished by a wyvern

Illustrated notes

Levels and vault maps discovered:
D:1:      nzn_arrival_depleted_hourglass, layout_loops_ring, serial_shops,
          nicolae_diamond_shop, nicolae_square_shop, minmay_vboxes
D:2:      layout_rooms
D:3:      layout_basic
D:4:      layout_loops_ring
D:5:      layout_basic
D:6:      layout_basic, minmay_temple_entry_offerings, kennysheep_small_spiral
D:7:      layout_rooms, uniq_joseph
D:8:      layout_layer_cave, lair_entry_dummy
D:9:      layout_grid_maze, grunt_temple_overflow_growth_and_decay, orc_0_dummy,
          serial_demonic, serial_demonic_e, serial_demonic_e, serial_demonic_f,
          serial_demonic_a, serial_demonic_g, serial_demonic_c
D:10:     layout_roguey, grunt_temple_overflow_champion_of_chaos
Temple:   dpeg_five_rooms_temple

Skill      XL: |  1  2  3  4  5  6  7  8  9 10 |
---------------+-------------------------------+-----
Conjurations   | 5 6 7 8 10 11 | 11.6
Spellcasting   | 4 5 6 7 9 11 13 | 13.2
Stealth        | 3 4 |  4.8
Translocations | 1 3 5 6 7 |  7.8
Polearms       | 1 |  1.1
Dodging        | 3 4 5 |  5.8
Fighting       | |  0.2

Action                     |  1- 3 |  4- 6 |  7- 9 | 10-12 || total
---------------------------+-------+-------+-------+-------++-------
  Melee: Glaive            |       |     1 |       |       ||     1
   Cast: Magic Dart        |    78 |    78 |   186 |    43 ||   385
         Searing Ray       |       |     8 |    39 |    20 ||    67
         Iskenderun's Myst |       |       |    24 |    34 ||    58
    Use: Scroll            |       |       |       |     2 ||     2
 Armour: Robe              |     5 |    10 |    34 |       ||    49
         Steam dragon scal |       |       |    20 |    53 ||    73
  Dodge: Dodged            |     5 |     6 |    50 |    44 ||   105
